[Event "Team 45 45 League T54"]
[Site "Internet Chess Club"]
[Date "2012.08.24"]
[Round "2"]
[White "Greedy-Reedy"]
[Black "mitus"]
[Result "1-0"]
[WhiteElo "1994"]
[BlackElo "1804"]
[Opening "Ruy Lopez: Anderssen variation"]
[ECO "C77"]
[Time "06:02:51"]
[TimeControl "2700+45"]

1. e4 e5 2. Nf3 Nc6 3. Bb5 a6 4. Ba4 Nf6 5. d3 b5 6. Bb3 Be7 7. Qe2 d6 8. c3 O-O
9. Nbd2 Bg4 10. h3 Bh5 11. Nf1 Na5 12. Bc2 c5 13. g4 Bg6 14. Ng3 d5 15. h4 dxe4
16. dxe4 h5 17. Nxe5 Bd6 18. Nxg6 fxg6 19. gxh5 Bxg3 20. fxg3 Nxh5 21. Rg1 Qd6
22. e5 Qe6 23. Qe4 Qf7 24. Bf4 Rae8 25. O-O-O Re6 26. Rd6 Rfe8 27. Rxe6 Rxe6 28.
Rd1 Nb7 29. a4 Rb6 30. axb5 axb5 31. Rd2 Ra6 32. Kd1 Ra1+ 33. Ke2 Nxg3+ 34. Bxg3
Qf1+ 35. Ke3 Qg1+ 36. Bf2 Qh2 {Black resigns} 1-0

[Event "Team 45 45 League T54"]
[Site "Internet Chess Club"]
[Date "2012.08.26"]
[Round "2"]
[White "PawnPusher3"]
[Black "zap2"]
[Result "1-0"]
[WhiteElo "1638"]
[BlackElo "1732"]
[Opening "Nimzo-Indian: classical variation"]
[ECO "E32"]
[Time "14:44:44"]
[TimeControl "2700+45"]

1. d4 Nf6 2. c4 e6 3. Nc3 Bb4 4. Qc2 O-O 5. a3 Bxc3+ 6. Qxc3 b6 7. Bg5 Bb7 8. f3
d6 9. e4 c5 10. d5 Nbd7 11. Nh3 exd5 12. cxd5 Re8 13. Be2 a6 14. a4 Qe7 15. O-O
h6 16. Bf4 Rad8 17. Rfe1 Ne5 18. Bd2 Bc8 19. Nf2 Qf8 20. Qb3 Nfd7 21. f4 Ng6 22.
Qg3 Nf6 23. f5 Nxe4 24. Nxe4 Bxf5 25. Bf3 Kh7 26. Nc3 Ne5 27. Be2 c4 28. Bf4 Nd3
29. Bxd3 Rxe1+ 30. Rxe1 Bxd3 31. b3 g5 32. bxc4 Bxc4 33. Bxg5 hxg5 34. Re4 Rc8
35. Qxg5 Qg7 36. Qf5+ Qg6 37. Rh4+ Kg7 38. Qxc8 Qd3 39. Qh8+ Kg6 40. Qh7+ Kf6
41. Rf4+ Ke5 42. Re4+ Kf6 43. Qh6+ Kf5 44. g4# {Black checkmated} 1-0

[Event "Team 45 45 League T54"]
[Site "Internet Chess Club"]
[Date "2012.08.26"]
[Round "2"]
[White "jantonio"]
[Black "KingOfKings"]
[Result "0-1"]
[WhiteElo "1566"]
[BlackElo "1551"]
[Opening "Réti: King's Indian attack (Barcza system)"]
[ECO "A07"]
[Time "18:01:09"]
[TimeControl "2700+45"]

1. Nf3 d5 2. g3 c6 3. Bg2 Bf5 4. O-O Nf6 5. d3 e6 6. b3 Be7 7. Bb2 O-O 8. Nbd2
h6 9. e3 a5 10. Qe2 a4 11. c4 Nbd7 12. e4 dxe4 13. dxe4 Bg6 14. Nh4 e5 15. Nxg6
fxg6 16. Nf3 Bd6 17. Rad1 Qe7 18. Nh4 Kh7 19. Rd3 Nc5 20. Re3 axb3 21. axb3 Ra2
22. Rb1 Ne6 23. Qd1 Bc5 24. Rd3 Nd4 25. Kh1 Qe6 26. h3 Nh5 27. Rd2 Bb4 28. Rxd4
exd4 29. Qxd4 Be7 30. Qxg7+ Nxg7 {White resigns} 0-1

[Event "Team 45 45 League T54"]
[Site "Internet Chess Club"]
[Date "2012.08.23"]
[Round "2"]
[White "hcube"]
[Black "PaulRichard"]
[Result "1-0"]
[WhiteElo "1694"]
[BlackElo "1553"]
[Opening "French: exchange variation"]
[ECO "C01"]
[Time "19:31:08"]
[TimeControl "2700+45"]

1. e4 e6 2. d4 d5 3. exd5 exd5 4. Nf3 Bd6 5. Bd3 Ne7 6. c3 c6 7. O-O O-O 8. Qc2
Ng6 9. Bg5 Be7 10. Bxe7 Qxe7 11. Re1 Qf6 12. Ne5 Nd7 13. Nd2 Ndxe5 14. dxe5 Qe6
15. Nf3 h6 16. Nd4 Qg4 17. h3 Qf4 18. e6 Ne7 19. exf7+ Qxf7 20. Re5 c5 21. Nb5
Nc6 22. Re3 a6 23. Nd6 Qf6 24. Ne8 Qf7 25. Bg6 Qd7 26. Rae1 Qd8 27. Rg3 Bd7 28.
Bh7+ Kh8 29. Qg6 {Black resigns} 1-0

[Event "Team 45 45 League T54"]
[Site "Internet Chess Club"]
[Date "2012.08.23"]
[Round "2"]
[White "JustinL"]
[Black "mmf00"]
[Result "0-1"]
[WhiteElo "1828"]
[BlackElo "2052"]
[Opening "Alekhine's defense: modern variation, 4...Bg4"]
[ECO "B05"]
[Time "15:00:13"]
[TimeControl "2700+45"]

1. e4 Nf6 2. e5 Nd5 3. d4 d6 4. Nf3 Bg4 5. Be2 e6 6. O-O Be7 7. c4 Nb6 8. b3 O-O
9. Bb2 Nc6 10. exd6 cxd6 11. Nc3 d5 12. c5 Nc8 13. h3 Bh5 14. a3 Bf6 15. g4 Bg6
16. b4 a6 17. Qd2 Be4 18. Rad1 Bxf3 19. Bxf3 Nxd4 20. Bg2 Nc6 21. Ne2 Bxb2 22.
Qxb2 Qf6 23. Qxf6 gxf6 24. Nd4 Nxd4 25. Rxd4 Ne7 26. Re1 Rfd8 27. Red1 Nc6 28.
R4d2 Rd7 29. f4 Rad8 30. Kf2 Kf8 31. f5 Ne5 32. Bf1 Ke7 33. Ke3 Nc6 34. Bd3 e5
35. Be2 d4+ 36. Ke4 h6 37. Bc4 Rh8 38. Rg1 Rdd8 39. Bd5 Rhg8 40. h4 Rg7 41. Bxc6
bxc6 42. Rg3 Rd5 43. Rd1 Rg8 44. Rd2 Kd7 45. Rdg2 Ke7 46. Kd3 a5 47. Rb2 Rb8 48.
Ke4 Rxc5 49. bxc5 Rxb2 50. g5 hxg5 51. hxg5 Re2+ 52. Kd3 Re3+ 53. Rxe3 dxe3 54.
g6 fxg6 55. fxg6 f5 56. Kxe3 Kf6 57. a4 {White resigns} 0-1

[Event "Team 45 45 League T54"]
[Site "Internet Chess Club"]
[Date "2012.08.23"]
[Round "2"]
[White "Mymas"]
[Black "LittleButton"]
[Result "1-0"]
[WhiteElo "1703"]
[BlackElo "1752"]
[Opening "Sicilian: Smith-Morra gambit"]
[ECO "B21"]
[Time "14:00:37"]
[TimeControl "2700+45"]

1. e4 c5 2. d4 cxd4 3. c3 Nf6 4. e5 Nd5 5. cxd4 Nc6 6. Nc3 e6 7. Nf3 d6 8. Nxd5
exd5 9. Bd3 dxe5 10. Nxe5 Bb4+ 11. Bd2 Bxd2+ 12. Qxd2 Nxd4 13. Qf4 Qe7 14. Qxd4
f6 15. O-O fxe5 16. Qxd5 Qe6 17. Qe4 g6 18. Bc4 Qe7 19. Rfe1 Bf5 20. Qd5 e4 21.
g4 Rd8 22. Qb5+ Bd7 23. Qxb7 Bc8 24. Qc6+ Kf8 25. Rxe4 Qd6 26. Qa4 Qc5 27. Qb3
Rd2 28. Rf4+ {Black resigns} 1-0

[Event "Team 45 45 League T54"]
[Site "Internet Chess Club"]
[Date "2012.08.26"]
[Round "2"]
[White "Nikhil03"]
[Black "Hal2001"]
[Result "1-0"]
[WhiteElo "1658"]
[BlackElo "1633"]
[Opening "Robatsch defense"]
[ECO "B06"]
[Time "13:00:28"]
[TimeControl "2700+45"]

1. e4 g6 2. Nc3 Bg7 3. d4 c5 4. dxc5 Bxc3+ 5. bxc3 Qa5 6. Qd4 Nf6 7. e5 Nc6 8.
Qc4 Nxe5 9. Qb4 Nc6 10. Qxa5 Nxa5 11. Ba3 Nc6 12. Nf3 b6 13. Nd4 Bb7 14. Bc4
Nxd4 15. cxd4 Bxg2 16. Rg1 Be4 17. O-O-O Rc8 18. Bb3 bxc5 19. Bxc5 a5 20. a4 Bd5
21. Kb2 Rb8 22. Rge1 e6 23. Rd3 Ne4 24. Rxe4 Bxe4 25. Re3 Bd5 26. Ka3 Bxb3 27.
Rxb3 Rc8 28. Kb2 d5 29. Rb7 f5 30. Re7+ Kd8 31. Rxe6 Rb8+ 32. Rb6 Rxb6+ 33.
Bxb6+ Kd7 34. Bxa5 Ra8 35. Bb4 Rxa4 36. Kb3 Ra1 37. Bd2 Rd1 38. Be3 Kc6 39. c4
dxc4+ 40. Kxc4 Kd6 41. Bf4+ Kc6 42. Be5 Rd2 43. Bg3 Rc2+ 44. Kd3 Rc1 45. Ke3 Kd5
46. Be5 g5 47. Bf6 Rg1 48. Kf3 Ke6 49. Be5 h5 50. Bc7 h4 51. Ke2 Rg4 52. Be5 f4
53. h3 Rg1 54. Kf3 Kf5 55. Bg7 Rb1 56. Be5 Rb3+ 57. Kg2 f3+ 58. Kh2 Rb2 59. Kg1
g4 60. hxg4+ Kxg4 61. d5 Kh3 62. Bxb2 {Black resigns} 1-0

[Event "Team 45 45 League T54"]
[Site "Internet Chess Club"]
[Date "2012.08.26"]
[Round "2"]
[White "primerpaso"]
[Black "Sir-Sinister"]
[Result "0-1"]
[WhiteElo "1913"]
[BlackElo "2009"]
[Opening "English: closed system"]
[ECO "A25"]
[Time "18:00:36"]
[TimeControl "2700+45"]

1. c4 Nc6 2. Nc3 e5 3. g3 g6 4. Bg2 Bg7 5. e3 f5 6. Nge2 Nf6 7. O-O O-O 8. b3 d6
9. Bb2 Bd7 10. d3 Rb8 11. Qd2 Ne7 12. d4 e4 13. d5 Ng4 14. Nd4 c5 15. dxc6 bxc6
16. h3 Ne5 17. f3 c5 18. Ndb5 Nd3 19. fxe4 Nxb2 20. Qxb2 Bxb5 21. cxb5 Qa5 22.
Rac1 Be5 23. g4 fxg4 24. hxg4 Rxf1+ 25. Bxf1 Rf8 26. Be2 Nc8 27. Qd2 Kg7 28. Kg2
Qd8 29. Rf1 Qh4 30. Rxf8 Kxf8 31. Kf1 Qf6+ 32. Kg2 Bxc3 33. Qd5 Ne7 34. Qa8+ Kg7
35. Qxa7 Be1 36. e5 Qf2+ 37. Kh1 Qh4+ 38. Kg2 Qg3+ 39. Kh1 Qh3+ 40. Kg1 Qxe3+
41. Kh1 Qxe5 42. Bc4 Qe4+ 43. Kg1 Qe3+ 44. Kh1 Qf3+ {White resigns} 0-1

[Event "Team 45 45 League T54"]
[Site "Internet Chess Club"]
[Date "2012.08.28"]
[Round "2"]
[White "MeoPatacca"]
[Black "frank001"]
[Result "1/2-1/2"]
[WhiteElo "1814"]
[BlackElo "1759"]
[Opening "Queen's Pawn"]
[ECO "A41"]
[Time "01:27:49"]
[TimeControl "2700+45"]

1. d4 d6 2. Bf4 g6 3. e3 Bg7 4. Nf3 Bg4 5. Be2 Nd7 6. Nbd2 c6 7. c3 Qc7 8. h3
Bxf3 9. Nxf3 e5 10. Bh2 h6 11. Qb3 Ne7 12. O-O O-O 13. c4 Kh7 14. Qc2 f5 15.
Rab1 b6 16. b4 Rae8 17. a4 Nc8 18. c5 bxc5 19. bxc5 dxc5 20. dxc5 f4 21. Bd3 Ne7
22. Nh4 Rf6 23. Be4 Nf8 24. Rb3 Rb8 25. Rfb1 Rxb3 26. Rxb3 Qa5 27. Rb1 Ne6 28.
Rc1 Ng5 29. Bd3 Qb4 30. Qc4 Qd2 31. Qc2 Qa5 32. exf4 exf4 33. Qc4 Qd2 34. Qc2
Qb4 35. Qc4 Qd2 36. Qc2 Qa5 37. Qc4 {Game drawn by mutual agreement} 1/2-1/2

[Event "Team 45 45 League T54"]
[Site "Internet Chess Club"]
[Date "2012.08.26"]
[Round "2"]
[White "FlyingTiger"]
[Black "ChessChamp"]
[Result "0-1"]
[WhiteElo "1731"]
[BlackElo "1690"]
[Opening "Scotch gambit: Dubois-Réti defense"]
[ECO "C55"]
[Time "17:51:33"]
[TimeControl "2700+45"]

1. e4 e5 2. Nf3 Nc6 3. d4 exd4 4. Bc4 Nf6 5. e5 Ng4 6. Qe2 Qe7 7. Bf4 f6 8. exf6
Nxf6 9. Nbd2 d5 10. Qxe7+ Bxe7 11. Bb5 O-O 12. Bxc6 bxc6 13. Bxc7 c5 14. O-O Bf5
15. Rfe1 Rfe8 16. Rac1 Bf8 17. Rxe8 Rxe8 18. c3 dxc3 19. Rxc3 d4 20. Rc1 Nd5 21.
Bg3 Nb4 22. Ne5 Rxe5 23. Bxe5 Nd3 24. Rd1 Nxe5 25. Re1 Nd3 26. Re8 Nxb2 27. Ra8
c4 28. Rxa7 c3 29. Nb3 d3 {White resigns} 0-1

[Event "Team 45 45 League T54"]
[Site "Internet Chess Club"]
[Date "2012.08.25"]
[Round "2"]
[White "Gilguli"]
[Black "Portola"]
[Result "0-1"]
[WhiteElo "1529"]
[BlackElo "1661"]
[Opening "Queen's pawn game, Darooha variation "]
[ECO "D02"]
[Time "13:06:35"]
[TimeControl "2700+45"]

1. d4 d5 2. Nf3 Nf6 3. c4 e6 4. cxd5 exd5 5. Nc3 Be7 6. Bf4 c6 7. h3 Nbd7 8. e3
O-O 9. Bd3 Re8 10. O-O Nf8 11. Qc2 h6 12. a3 Bd6 13. Bg3 Bxg3 14. fxg3 Rxe3 15.
Rae1 Rxe1 16. Rxe1 Qd6 17. g4 Be6 18. Nh4 Re8 19. Qf2 Qb8 20. Bf5 Qc7 21. Re3
N6h7 22. Bxh7+ Nxh7 23. Ne2 Nf6 24. Nf4 Ne4 25. Nxe6 Rxe6 26. Qe1 Rf6 27. Nf5
Qb6 28. Rf3 Re6 29. b4 Qc7 30. Qc1 a5 31. Ne3 axb4 32. Nxd5 Qd6 33. Nxb4 Qxd4+
34. Qe3 Qb2 35. Qd3 Nd6 36. Qc2 Re1+ 37. Rf1 Qd4+ 38. Qf2 Rxf1+ 39. Kxf1 Qa1+
40. Qe1 Qxa3 41. Qd2 Qa1+ 42. Ke2 Qe5+ 43. Kd3 Qe4+ 44. Kc3 Qc4+ 45. Kb2 Qc5 46.
Kb3 Qe5 47. Qd3 c5 48. Qc3 Qxc3+ 49. Kxc3 cxb4+ 50. Kxb4 b6 51. h4 g5 52. h5 Kg7
53. Kc3 Kf6 54. Kd4 Ke6 55. g3 f6 56. Kc3 Kd5 57. Kd3 b5 58. Kc3 {White resigns}
0-1

[Event "Team 45 45 League T54"]
[Site "Internet Chess Club"]
[Date "2012.08.24"]
[Round "2"]
[White "Beetlejuice"]
[Black "Moondog"]
[Result "1-0"]
[WhiteElo "1782"]
[BlackElo "1759"]
[Opening "King's Indian: 3.g3"]
[ECO "E60"]
[Time "15:12:44"]
[TimeControl "2700+45"]

1. d4 Nf6 2. c4 g6 3. g3 Bg7 4. Bg2 O-O 5. Nc3 d6 6. e4 e5 7. Nf3 Nc6 8. d5 Ne7
9. O-O Nd7 10. Be3 f5 11. Qd2 Nf6 12. exf5 gxf5 13. Bh6 c5 14. dxc6 bxc6 15.
Bxg7 Kxg7 16. Rad1 Be6 17. b3 Ne8 18. Nxe5 Qc7 19. Nd3 Rd8 20. Nf4 Bf7 21. Qe3
Nf6 22. Ne6+ Bxe6 23. Qxe6 f4 24. Rfe1 Ng6 25. Qe2 fxg3 26. hxg3 Rde8 27. Qd2
Ne5 28. Ne4 Nxe4 29. Rxe4 Qb6 30. Rf4 Rxf4 31. Qxf4 Rf8 32. Qd4 Qxd4 33. Rxd4
Rf6 34. f4 Ng4 35. Bxc6 Re6 36. Re4 {Black resigns} 1-0

[Event "Team 45 45 League T54"]
[Site "Internet Chess Club"]
[Date "2012.08.24"]
[Round "2"]
[White "Constrictor"]
[Black "MontanaSky"]
[Result "1-0"]
[WhiteElo "1780"]
[BlackElo "1719"]
[Opening "Réti opening"]
[ECO "A04"]
[Time "20:01:55"]
[TimeControl "2700+45"]

1. Nf3 e6 2. b3 Nf6 3. Bb2 d5 4. e3 Be7 5. c4 Nbd7 6. Nc3 O-O 7. d4 c6 8. Bd3 b6
9. O-O Bb7 10. Rc1 dxc4 11. Bxc4 b5 12. Bd3 a6 13. a4 b4 14. Nb1 c5 15. Nbd2
cxd4 16. Bxd4 e5 17. Nxe5 Nxe5 18. Bxh7+ Nxh7 19. Bxe5 Bf6 20. Nc4 Bxe5 21. Nxe5
Qg5 22. Nf3 Qh5 23. Rc4 Bxf3 24. Qxf3 Qxf3 25. gxf3 a5 26. Rd1 Rfd8 27. Rxd8+
Rxd8 28. Rc5 Ra8 29. Kf1 Nf6 30. Ke2 Nd7 31. Rb5 f6 32. f4 g6 33. Kf3 Kf7 34. h4
Ke6 35. Kg4 f5+ 36. Kg5 Rh8 37. Kxg6 Rg8+ 38. Kh7 Nf6+ 39. Kh6 Rh8+ 40. Kg7 Rh7+
41. Kg6 Rxh4 42. Rb6+ Ke7 43. Rxf6 Rg4+ 44. Kxf5 Rh4 45. Kg5 Rh2 46. Ra6 Rxf2
47. Rxa5 Rb2 48. Rb5 Rxb3 49. a5 Rxe3 50. Rxb4 Ra3 51. Rb5 Kd7 52. f5 Rg3+ 53.
Kf6 Ra3 54. Kf7 Kc6 55. Re5 Kd7 56. f6 {Black resigns} 1-0

[Event "Team 45 45 League T54"]
[Site "Internet Chess Club"]
[Date "2012.08.29"]
[Round "2"]
[White "rubo"]
[Black "JWB"]
[Result "0-1"]
[WhiteElo "1682"]
[BlackElo "1662"]
[Opening "two knights: Max Lange attack, Marshall variation"]
[ECO "C55"]
[Time "14:00:06"]
[TimeControl "2700+45"]

1. e4 e5 2. Nf3 Nc6 3. Bc4 Nf6 4. d4 exd4 5. O-O Bc5 6. e5 d5 7. exf6 dxc4 8.
Re1+ Be6 9. Ng5 Qd5 10. Nc3 Qf5 11. Nce4 Bb6 12. g4 Qg6 13. Qf3 O-O-O 14. fxg7
Rhg8 15. Nf6 Rxg7 16. Nxe6 fxe6 17. Rxe6 d3 18. cxd3 Nd4 19. Qe4 Nxe6 20. Qxe6+
Kb8 21. Bd2 Rf7 22. Bc3 cxd3 23. Rd1 a6 24. Be5 Ka7 25. h3 Rdf8 26. Qf5 Qxf5 27.
gxf5 Rxf6 28. Bxf6 Rxf6 29. Rxd3 Rxf5 30. Rd2 h5 31. Kg2 Bc5 32. b3 Kb6 33. f3
Kc6 34. Kg3 Bd6+ 35. Kh4 Rxf3 36. Kxh5 Rxh3+ 37. Kg4 Rh2 {White resigns} 0-1

[Event "Team 45 45 League T54"]
[Site "Internet Chess Club"]
[Date "2012.08.25"]
[Round "2"]
[White "toukon"]
[Black "evan7284"]
[Result "1-0"]
[WhiteElo "1751"]
[BlackElo "1647"]
[Opening "QGD: 3.Nc3"]
[ECO "D31"]
[Time "12:00:38"]
[TimeControl "2700+45"]

1. d4 d5 2. c4 e6 3. Nc3 f5 4. Nf3 c6 5. Bf4 Nf6 6. e3 Bd6 7. Bxd6 Qxd6 8. Bd3
Nbd7 9. Qc2 Ne4 10. Rg1 b6 11. g4 Ba6 12. gxf5 exf5 13. Rxg7 O-O-O 14. cxd5 Bxd3
15. Qxd3 cxd5 16. Qa6+ Kb8 17. Nb5 Qb4+ 18. Kf1 Qa5 19. Qxa5 bxa5 20. Rc1 a6 21.
Nc3 Ndf6 22. Na4 Rc8 23. Rxc8+ Rxc8 24. Ne5 Rc2 25. f3 Nd2+ 26. Ke1 Nc4 27. Nxc4
Rxc4 28. Nc5 Rc2 29. Rf7 Nh5 30. Rxh7 Nf6 31. Rh6 Rxb2 32. Rxf6 Rxa2 33. Rxf5 a4
34. Rxd5 a3 35. Nxa6+ Kb7 36. Ra5 Ra1+ 37. Ke2 a2 38. Nb4 Rh1 39. Rxa2 Rxh2+ 40.
Kd3 Rh3 41. Ke4 Rh4+ 42. f4 {Black resigns} 1-0

[Event "Team 45 45 League T54"]
[Site "Internet Chess Club"]
[Date "2012.08.22"]
[Round "2"]
[White "mongmong"]
[Black "RamRock"]
[Result "1-0"]
[WhiteElo "1663"]
[BlackElo "1680"]
[Opening "Dutch defense"]
[ECO "A81"]
[Time "21:02:47"]
[TimeControl "2700+45"]

1. d4 f5 2. g3 Nf6 3. Bg2 e6 4. Nf3 Be7 5. O-O O-O 6. b3 Nc6 7. c4 d5 8. Ba3
Bxa3 9. Nxa3 Qe7 10. Nc2 e5 11. dxe5 Nxe5 12. Nxe5 Qxe5 13. cxd5 Rd8 14. Ne3 c6
15. Rc1 Nxd5 16. Nxd5 cxd5 17. e3 Be6 18. Qd4 Qxd4 19. exd4 Rac8 20. f4 Kf7 21.
Kf2 a5 22. Ke2 Kf6 23. Kd2 b6 24. Rxc8 Rxc8 25. Rc1 Rxc1 26. Kxc1 b5 27. b4 a4
28. Kb2 Kg6 29. Bf3 Kf6 30. Kc3 g6 31. Kd2 h5 32. Ke3 Ke7 33. Be2 Bd7 34. Kf3
Kf6 35. Kg2 Ke7 36. Kh3 Kf6 37. Kh4 Bc6 38. h3 Bd7 39. a3 Bc6 40. g4 hxg4 41.
hxg4 Bd7 42. gxf5 gxf5 43. Kh5 Be8+ 44. Kh6 Bd7 45. Bh5 Bc6 46. Kh7 Bd7 47. Kg8
Bc6 48. Bf7 Bd7 49. Bxd5 Kg6 50. Bf3 Be6+ 51. Kf8 Bc4 52. d5 Kf6 53. Ke8 Bd3 54.
d6 Be4 55. Be2 Ke6 56. d7 Bc6 57. Kd8 Bxd7 58. Kc7 Be8 59. Bf3 Bg6 60. Kc6 Be8+
61. Kc5 Bg6 62. Bc6 Bh5 63. Bxb5 Bd1 64. Bc4+ Kd7 65. Kd5 Bb3 66. Kd4 Bc2 67.
Ke5 Kc6 68. Be6 Kb5 69. Bxf5 Bxf5 70. Kxf5 Kc4 71. Ke6 Kb3 72. b5 Kxa3 73. b6
Ka2 74. b7 a3 75. b8=Q Ka1 76. Qa8 a2 77. f5 Kb2 78. f6 Ka1 79. f7 Kb2 80. f8=Q
Ka1 81. Qg7+ Kb1 82. Qab7+ Kc1 83. Qg1+ Kc2 84. Qc6+ Kb2 85. Qb5+ Kc2 86. Qc4+
Kb2 87. Qf2+ Ka1 88. Qcxa2# {Black checkmated} 1-0

[Event "Team 45 45 League T54"]
[Site "Internet Chess Club"]
[Date "2012.08.25"]
[Round "2"]
[White "HomerSimpson"]
[Black "TerryMalloy"]
[Result "1/2-1/2"]
[WhiteElo "2120"]
[BlackElo "2079"]
[Opening "Polish: Outflank variation"]
[ECO "A00"]
[Time "12:02:37"]
[TimeControl "2700+45"]

1. b4 c6 2. Bb2 a5 3. b5 cxb5 4. e3 b4 5. a3 Nc6 6. Bb5 Qb6 7. Bxc6 bxc6 8. axb4
Qxb4 9. Ba3 Qb6 10. c4 g6 11. d4 Bg7 12. Nf3 Nf6 13. O-O d6 14. Nc3 O-O 15. Rb1
Qc7 16. Qc2 Ba6 17. Na4 Rfb8 18. Nd2 Rxb1 19. Rxb1 Rb8 20. Rxb8+ Qxb8 21. Nb3
Qc7 22. Qc3 Kf8 23. Qxa5 Qxa5 24. Nxa5 Nd7 25. c5 dxc5 26. Nxc5 Nxc5 27. Bxc5
Bb5 28. f4 Ke8 29. Kf2 Kd7 30. e4 Bh6 31. Ke3 g5 32. g3 gxf4+ 33. gxf4 f6 34. e5
Ke6 35. Nb7 Kf5 36. exf6 exf6 37. Nd6+ Ke6 38. Ne4 Ba4 39. Nc3 Bc2 40. Ne2 {Game
drawn by mutual agreement} 1/2-1/2

[Event "Team 45 45 League T54"]
[Site "Internet Chess Club"]
[Date "2012.08.26"]
[Round "2"]
[White "JeremyWa"]
[Black "alexdb"]
[Result "1/2-1/2"]
[WhiteElo "1725"]
[BlackElo "1869"]
[Opening "Scotch game"]
[ECO "C45"]
[Time "22:21:15"]
[TimeControl "2700+45"]

1. e4 e5 2. Nf3 Nc6 3. d4 exd4 4. Nxd4 Bb4+ 5. c3 Bc5 6. Be3 Bb6 7. Nd2 Nf6 8.
Nc4 Nxe4 9. Nxb6 axb6 10. Qg4 Nf6 11. Qxg7 Rg8 12. Qh6 d5 13. Bb5 Bd7 14. O-O
Rg6 15. Qh4 Qe7 16. Nxc6 bxc6 17. Bd3 Rg4 18. Qh6 Ng8 19. Qxh7 O-O-O 20. Bf5 Nf6
21. Bxd7+ Qxd7 22. Qd3 Rdg8 23. g3 Ne4 24. Qa6+ Kd8 25. Rfe1 Qd6 26. Kf1 Qf6 27.
Ke2 Nd6 28. Qd3 Nc4 29. b3 Ne5 30. Bd4 Re4+ 31. Kf1 Qxf2+ 32. Bxf2 Rxe1+ 33.
Rxe1 Nxd3 34. Re2 {Game drawn by mutual agreement} 1/2-1/2

[Event "Team 45 45 League T54"]
[Site "Internet Chess Club"]
[Date "2012.08.23"]
[Round "2"]
[White "tightfist"]
[Black "Buford-Julep"]
[Result "0-1"]
[WhiteElo "1607"]
[BlackElo "1609"]
[Opening "Polish (Sokolsky) opening"]
[ECO "A00"]
[Time "12:01:57"]
[TimeControl "2700+45"]

1. b4 e5 2. Bb2 f6 3. b5 Bb4 4. c4 d5 5. Qb3 a5 6. cxd5 Bf5 7. Nc3 Ne7 8. e3
Bxc3 9. dxc3 Qxd5 10. Qxd5 Nxd5 11. Bc4 Nb6 12. Bb3 a4 13. Bd1 Nc4 14. Bc1 Nd7
15. Nf3 Nc5 16. O-O Ne4 17. Be2 Be6 18. Bxc4 Bxc4 19. Re1 Nxc3 20. Bb2 Nxb5 21.
Nd2 Bd5 22. e4 a3 23. Bc1 Be6 24. Nb3 Bxb3 25. axb3 Nd4 26. Ra2 Nxb3 27. Bxa3
Nd4 28. Rea1 Kf7 29. f3 Nb5 30. Bb4 Rxa2 31. Rxa2 Rd8 32. Kf2 Rd4 33. Bc5 Rc4
34. Be3 Ke6 35. Ra8 Kf7 36. Rd8 Nd6 37. Rd7+ Kg6 38. h3 b5 39. Rd8 b4 40. Rb8 c6
41. Rd8 Nb5 42. Rd3 Rc2+ 43. Kf1 Rc3 44. Ke2 Nd4+ 45. Bxd4 Rxd3 46. Kxd3 exd4
47. Kxd4 c5+ 48. Kc4 Kf7 49. f4 h5 50. g3 Ke6 51. g4 hxg4 52. hxg4 g5 53. fxg5
fxg5 54. Kd3 Ke5 55. Ke3 b3 56. Kd2 Kxe4 57. Kc3 c4 58. Kd2 b2 59. Kc2 c3 60.
Kb1 Kd3 61. Ka2 Kc2 62. Ka3 b1=Q 63. Ka4 Kd3 64. Ka5 Kc4 65. Ka6 Kc5 66. Ka7 Kc6
{White resigns} 0-1

[Event "Team 45 45 League T54"]
[Site "Internet Chess Club"]
[Date "2012.08.26"]
[Round "2"]
[White "bondguy01"]
[Black "vollmerj"]
[Result "1/2-1/2"]
[WhiteElo "1638"]
[BlackElo "1758"]
[Opening "King's Indian: 4.e4"]
[ECO "E70"]
[Time "18:06:18"]
[TimeControl "2700+45"]

1. d4 Nf6 2. c4 g6 3. Nc3 Bg7 4. e4 O-O 5. Bg5 c6 6. e5 Ne8 7. h4 d6 8. h5 h6 9.
Bf4 g5 10. Bg3 dxe5 11. dxe5 Qxd1+ 12. Rxd1 Nd7 13. Rxd7 Bxd7 14. f4 gxf4 15.
Bxf4 Nc7 16. Nf3 Ne6 17. Be3 b6 18. Bd3 c5 19. Nd5 Rfe8 20. Bf5 Rac8 21. Kf2 Nf8
22. Be4 Be6 23. b3 Nd7 24. Bf4 f5 25. Bc2 Nf8 26. Nh4 Nd7 27. Re1 Bxd5 28. cxd5
e6 29. d6 Kf7 30. Bd3 Red8 31. Bc4 Rb8 32. a4 Nxe5 33. Bxe5 Bxe5 34. Rxe5 Rxd6
35. Nxf5 Rd2+ 36. Kf3 Re8 37. Nxh6+ Kf6 38. Ng4+ Kg7 {Game drawn by mutual
agreement} 1/2-1/2